 Dungeon Crawl Stone Soup version 0.24-a0-433-gbe6fa4f6cc (webtiles) character file.

Game seed: 12916266244735455836

43 Jyms the Firebug (level 3, -10/27 HPs)
             Began as a Hill Orc Fire Elementalist on June 13, 2019.
             Killed from afar by a rat (35 damage)
             ... with an exploding inner flame
             ... hexed by the player character
             ... on level 1 of the Dungeon.
             The game lasted 00:37:00 (1186 turns).

Jyms the Firebug (Hill Orc Fire Elementalist)       Turns: 1186, Time: 00:37:06

Health: -10/27     AC:  3    Str:  9    XL:     3   Next: 58%
Magic:  3/6        EV: 12    Int: 15    God:
Gold:   29         SH:  0    Dex: 11    Spells: 0/6 levels left

rFire    . . .     SeeInvis .   b - +1 spear (venom)
rCold    . . .     Gourm    .   (no shield)
rNeg     . . .     Faith    .   d - +0 robe
rPois    .         Spirit   .   (no helmet)
rElec    .         Reflect  .   (no cloak)
rCorr    .         Harm     .   i - +0 pair of gloves
MR       .....                  (no boots)
Stlth    ++........             (no amulet)
HPRegen  0.09/turn              j - -2 ring of strength (curse)
MPRegen  0.10/turn              (no ring)

@: no status effects
A: no striking features
a: no special abilities


You were on level 1 of the Dungeon.
You were not hungry.

You visited 1 branch of the dungeon, and saw 2 of its levels.

You collected 29 gold pieces.

Inventory:

Hand Weapons
 a - a +0 hand axe
 b - a +1 spear of venom (weapon)
Armour
 d - a +0 robe (worn)
 i - a +0 pair of gloves (worn)
Jewellery
 j - a cursed -2 ring of strength (left hand)
Scrolls
 e - a scroll of teleportation
 f - a scroll of immolation
 g - a scroll of amnesia
 h - a scroll of identify
Comestibles
 c - a ration


   Skills:
 + Level 0.4 Fighting
 + Level 0.2 Axes
 + Level 1.6 Dodging
 + Level 1.6 Stealth
 + Level 2.0 Spellcasting
 + Level 1.1 Conjurations
 + Level 4.3 Fire Magic


You couldn't memorise any spells.
You knew the following spells:

 Your Spells              Type           Power        Failure   Level  Hunger
a - Flame Tongue          Conj/Fire      #....        8%          1    #......
b - Inner Flame           Hex/Fire       #.......     26%         3    ###....
c - Throw Flame           Conj/Fire      #.....       11%         2    ###....

Your spell library contained the following spells:

 Spells                   Type           Power        Failure   Level  Hunger
 Conjure Flame            Conj/Fire      #.......     22%         3    ###....
 Sticky Flame             Conj/Fire      #.......     58%         4    #####..
 Fireball                 Conj/Fire      #.........   90%         5    ######.


Dungeon Overview and Level Annotations

Branches:
Dungeon (2/15)

Altars:


Message History

Casting: Flame Tongue (safe; 8% risk of failure)
Confirm with . or Enter, or press ? or * to list all spells.
Aiming: Inner Flame (safe; 26% risk of failure)
Press: ? - help, Shift-Dir - straight line, f - rat
Aim: a rat (chance to defeat MR: 71%)
The rat is filled with an inner flame.
You hit the rat.
The rat is heavily wounded.
The rat barely misses you.
You barely miss the rat. The rat bites you.
You barely miss the rat.
The rat is heavily wounded.
The rat bites you. The rat closely misses you.
You hit the rat.
The rat explodes!
The fiery explosion engulfs the rat!!
You kill the rat!
The fiery explosion engulfs you!!
Ouch! That really hurt!
You die...

# ...
#.##.##.#
# ... .
#†##.##.#
# .. #.
#..>....#
# #..
####.####
#... ##.#
##...##
#..#
......§###
#.##
#...§§§#
#.#
#.#..#@#
#.#
...#.#.#
#.# ###
#.#.###.#
#.#.....#
..#######
## ###


There were no monsters in sight!

Vanquished Creatures
  A gnoll (D:1)
  An ooze (D:1)
  A worm (D:1)
  A leopard gecko (D:1)
  A giant cockroach (D:2)
  2 goblins (D:1)
  6 hobgoblins (D:1)
  3 kobolds (D:1)
  2 bats (D:1)
  2 frilled lizards (D:1)
  6 rats (D:1)
26 creatures vanquished.

Notes
Turn   | Place    | Note
-------+----------+-------------------------------------------
     0 | D:1      | Jyms the Hill Orc Fire Elementalist began the quest for the
                  | Orb.
     0 | D:1      | Reached XP level 1. HP: 14/14 MP: 3/3
   107 | D:1      | Reached XP level 2. HP: 17/20 MP: 1/4
   187 | D:1      | Reached skill level 4 in Fire Magic
   494 | D:1      | Reached XP level 3. HP: 24/26 MP: 2/5
   568 | D:1      | Learned a level 3 spell: Inner Flame
  1145 | D:1      | Learned a level 2 spell: Throw Flame
  1186 | D:1      | Killed from afar by a rat

Levels and vault maps discovered:
D:1:      sevenhm_arrival_forest_fort_small_3, layout_loops_cross,
          minmay_misc_feat_secret_circle
D:2:      minmay_inner_zag, layout_basic, grunt_temple_overflow_diamond,
          first_ration

Skill      XL: |  1  2  3 |
---------------+----------+-----
Fire Magic     | 4 |  4.3
Spellcasting   | 2 |  2.0
Fighting       | |  0.4
Axes           | |  0.2
Dodging        | |  1.6
Stealth        | |  1.6
Conjurations   | |  1.1

Action                   || total
-------------------------++-------
Melee: Hand axe          ||    16
       Spear             ||    22
 Cast: Flame Tongue      ||    15
       Inner Flame       ||     2
  Use: Scroll            ||     4
  Eat: Ration            ||     1
Armor: Robe              ||     4
Dodge: Dodged            ||    19

Table legend:
 A = Non-vault XP
 B = Vault XP
 C = Vault XP percentage of total XP
 D = Non-vault monster count
 E = Vault monster count
 F = Vault count percentage of total count
                 A         B        C        D         E       F
            +---------+---------+-------+---------+---------+-------
      Total |      62 |       0 |   0.0 |      26 |       0 |   0.0
            +---------+---------+-------+---------+---------+-------
        D:1 |      60 |       0 |   0.0 |      25 |       0 |   0.0
        D:2 |       2 |       0 |   0.0 |       1 |       0 |   0.0
            +---------+---------+-------+---------+---------+-------
